 Dungeon Crawl Stone Soup version 0.27-a0-148-g9515ab555c (webtiles) character file.

Game seed: 4829685597782536983

381 lunkers the Skirmisher (level 6, 0/57 HPs)
             Began as a Hill Orc Hunter on Jan 26, 2021.
             Was an Initiate of Okawaru.
             Slain by an orc priest
             ... wielding a +0 flail
              (8 damage)
             ... on level 5 of the Dungeon.
             The game lasted 00:04:12 (3375 turns).

lunkers the Skirmisher (Hill Orc Hunter)            Turns: 3375, Time: 00:04:13

Health: 0/57       AC:  7    Str: 17    XL:     6   Next: 75%
Magic:  6/6        EV:  9    Int: 11    God:    Okawaru [......]
Gold:   267        SH:  0    Dex: 11    Spells: 5/5 levels left

rFire    + . .     SeeInvis .   b - +3 hunting sling
rCold    . . .     Faith    .   (no shield)
rNeg     . . .     Spirit   .   m - +0 scale mail
rPois    .         Reflect  .   (no helmet)
rElec    .         Harm     .   (no cloak)
rCorr    .         Rampage  .   r - +0 pair of gloves
Will     .....                  (no boots)
Stlth    ..........             (no amulet)
HPRegen  0.19/turn              h - ring of protection from fire
MPRegen  0.10/turn              (no ring)

@: attractive
A: no striking features
a: Renounce Religion, Convert to Beogh


You were on level 5 of the Dungeon.
You worshipped Okawaru.
Okawaru was noncommittal.
You visited 2 branches of the dungeon, and saw 6 of its levels.

You collected 267 gold pieces.

Inventory:

Hand Weapons
 a - a +0 short sword
 b - a +3 hunting sling (weapon)
 w - a +0 hunting sling
Missiles
 d - 2 throwing nets {=f}
 g - 26 stones (quivered ammo)
 v - 7 boomerangs
 y - 6 javelins
 z - 12 poisoned darts
Armour
 m - a +0 scale mail (worn)
 r - a +0 pair of gloves (worn)
Jewellery
 h - a ring of protection from fire (left hand)
Scrolls
 c - a scroll of teleportation {unknown}
 e - 2 scrolls of magic mapping {unknown}
 i - a scroll of enchant armour {unknown}
 l - 2 scrolls of fear {unknown}
 n - a scroll of enchant weapon {unknown}
 q - 3 scrolls of remove curse {unknown}
 s - 3 scrolls of identify {unknown}
 u - a scroll of random uselessness {unknown}
 A - a scroll of blinking {unknown}
Potions
 f - a potion of haste {unknown}
 j - a potion of curing
 k - 2 potions of attraction
 o - a potion of flight {unknown}
 p - a potion of mutation {unknown}
 t - a potion of heal wounds {unknown}


   Skills:
 + Level 6.1 Fighting
 + Level 5.6 Throwing
 - Level 1.5 Dodging
 - Level 0.7 Stealth


You had 5 spell levels left.
You didn't know any spells.
Your spell library contained the following spells:

 Spells                   Type           Power        Failure   Level
 Animate Skeleton         Necr           0%           78%         1
 Apportation              Tloc           0%           78%         1
 Corona                   Hex            0%           78%         1
 Summon Small Mammal      Summ           0%           78%         1


Dungeon Overview and Level Annotations

Branches:
Dungeon (5/15)             Temple (1/1) D:5

Altars:
Cheibriados
Dithmenos
Elyvilon
Fedhas
Hepliaklqana
Kikubaaqudgha
Makhleb
Okawaru
Qazlal
Ru
Sif Muna
Trog
Vehumet
Wu Jian
Xom
Yredelemnul
The Shining One


Message History

Press: ? - help, Q - select action, (/) - cycle Shift-Dir - straight line, f/p - orc priest
Aim: an orc priest, wielding a +0 flail and wearing a +0 chain mail (heavily wounded, 70% to hit)
You shoot a stone.
The stone hits the orc priest but does no damage.
The orc priest is heavily wounded.
Unknown command.
Fire: 28 stones
Press: ? - help, Q - select action, (/) - cycle Shift-Dir - straight line, f/p - orc priest
Aim: an orc priest, wielding a +0 flail and wearing a +0 chain mail (heavily wounded, 71% to hit)
You shoot a stone. The stone barely misses the orc priest.
The orc priest hits you but does no damage.
Unknown command.
Fire: 27 stones
Press: ? - help, Q - select action, (/) - cycle Shift-Dir - straight line, f/p - orc priest
Aim: an orc priest, wielding a +0 flail and wearing a +0 chain mail (heavily wounded, 71% to hit)
You shoot a stone.
The stone hits the orc priest but does no damage.
The orc priest is heavily wounded.
The orc priest hits you with a +0 flail!
You die...

#.# ((( #.# ..)
#.. .(. #.. #(#
####.. #(#
.....# #(#
...#.. #o#
.#.... #@#
...#.( #.#
##...# #.####
#.... #....#
#...[ ####.#
#.##. #.#
##.###
#.########...##
#..........#...
##########...##


You could see an orc priest.

Vanquished Creatures
  A centaur (D:5)
  An orc priest (D:3)
  Jessica (D:3)
  4 orc wizards
  A hound skeleton (D:4)
  5 adders
  An ufetubus (D:5)
  A dart slug (D:2)
  2 leopard geckos
  12 orcs
  6 bats
  2 giant cockroaches
  2 goblins
  2 hobgoblins
  8 kobolds
  2 quokkas
  4 frilled lizards
  A jackal skeleton (D:4)
  7 rats
63 creatures vanquished.

Notes
Turn   | Place    | Note
-------+----------+-------------------------------------------
     0 | D:1      | lunkers the Hill Orc Hunter began the quest for the Orb.
     0 | D:1      | Reached XP level 1. HP: 18/18 MP: 1/1
   466 | D:1      | Reached XP level 2. HP: 25/25 MP: 2/2
   567 | D:1      | Reached skill level 3 in Fighting
  1064 | D:2      | Found a snail-covered altar of Cheibriados.
  1392 | D:3      | Reached XP level 3. HP: 26/31 MP: 3/3
  1524 | D:3      | Noticed Jessica
  1532 | D:3      | Killed Jessica
  1595 | D:3      | Reached XP level 4. HP: 40/40 MP: 4/4
  1679 | D:3      | Reached skill level 4 in Fighting
  2063 | D:3      | Reached XP level 5. HP: 22/47 MP: 5/5
  2461 | D:3      | Reached skill level 5 in Fighting
  2701 | D:4      | Reached skill level 5 in Throwing
  2712 | D:4      | Reached XP level 6. HP: 53/56 MP: 6/6
  3050 | D:5      | Entered Level 5 of the Dungeon
  3085 | D:5      | Found a staircase to the Ecumenical Temple.
  3100 | Temple   | Entered the Ecumenical Temple
  3283 | Temple   | Became a worshipper of Warmaster Okawaru
  3355 | D:5      | Reached skill level 6 in Fighting
  3375 | D:5      | Slain by an orc priest

Illustrated notes

Levels and vault maps discovered:
D:1:      dpeg_arrival_tiny_f, layout_basic, kennysheep_pointless_box,
          feat_on_display
D:2:      layout_rooms, cheibriados_altar_1, serial_curves, eino_curves_01,
          eino_curves_02
D:3:      layout_basic, st_stairs_8, uniq_jessica
D:4:      layout_basic
D:5:      layout_loops_ring, minmay_temple_entry_sparse_star, xom_redecorated
Temple:   eino_temple_rhombus

Skill      XL: |  1  2  3  4  5  6 |
---------------+-------------------+-----
Fighting       | 3 4 5 6 |  6.1
Throwing       | 4 5 |  5.6
Dodging        | |  1.5
Stealth        | |  0.7

Action                   |  1- 3 |  4- 6 || total
-------------------------+-------+-------++-------
Melee: Short sword       |    44 |    35 ||    79
 Fire: Hunting sling     |       |    90 ||    90
Throw: Dart              |    56 |    53 ||   109
       Javelin           |     5 |    12 ||    17
       Stone             |       |     5 ||     5
  Use: Potion            |       |     3 ||     3
Armor: Leather armour    |     3 |       ||     3
       Scale mail        |    12 |    44 ||    56
Dodge: Dodged            |    24 |    28 ||    52

Table legend: (Time is in decaauts)
 A = Elapsed time spent in this place.
 B = Non-inter-level travel time spent in this place.
 C = Inter-level travel time spent in this place.
 D = Time resting spent in this place.
 E = Time spent auto-exploring this place.
 F = Levels seen in this place.
 G = Mean time per level.
                   A        B        C        D        E       F      G
               +--------+--------+--------+--------+--------+-----+--------+
         Total |   3362 |   3203 |    159 |      0 |   2710 |   6 |  560.3 |
       Dungeon |   3162 |   3047 |    115 |      0 |   2556 |   5 |  632.4 |
        Temple |    199 |    155 |     44 |      0 |    154 |   1 |  199.0 |
               +--------+--------+--------+--------+--------+-----+--------+

Top non-repeatable levels by time:
     D:3: 1294 daAuts
     D:1: 807 daAuts
     D:2: 566 daAuts
     D:4: 367 daAuts
  Temple: 199 daAuts
     D:5: 126 daAuts
